[Event "SUI-ch Bundesturnier TP-1 2022"]
[Site "Payerne"]
[Date "2022.05.28"]
[Round "5.9"]
[White "Bondar, Yevgen"]
[Black "Mamalis, Prokopios"]
[Result "0-1"]
[ECO "C01"]
[WhiteElo "2327"]
[BlackElo "2067"]
[Annotator "TA"]
[PlyCount "120"]
[EventDate "2022.05.26"]
[EventType "swiss"]
[EventCountry "SUI"]
[SourceTitle "playchess.com"]
[Source "ChessBase"]
[SourceQuality "1"]
[TimeControl "5400+30"]

1. e4 e6 2. Nf3 d5 3. exd5 exd5 4. d4 Bg4 5. h3 Bh5 6. g4 {[%emt 0:07:46] C01: French: Exchange Variation.} Bg6 $1 7. Qe2+ Qe7 8. Ne5 {[%emt 0:04:12] White is slightly better.} Be4 (8... Nd7 $11) 9. f3 $16 f6 10. fxe4 fxe5 11. exd5 Qh4+ $2 (11... exd4 $14 12. Na3 Nf6) 12. Kd1 $18 Nd7 13. dxe5 O-O-O 14. c4 {[%emt 0:00:16] [#]} c6 $146 ({Predecessor:} 14... Bc5 15. Nc3 Nh6 16. Ne4 Be7 17. Bf4 Ng8 18. Qe3 Nb6 19. Ng5 Nh6 20. Rh2 Rdf8 21. Nf3 Nxg4 22. hxg4 Qxg4 23. Bh3 Rxf4 24. Qxf4 Qxh3 25. Rxh3 {1-0 (25) Seppala,A (2068)-Eloranta,K (2026) Jyvaskyla 2016}) 15. Nc3 cxd5 16. cxd5 Qg3 {[%emt 0:00:13] Prevents Bf4.} 17. e6 Nb6 18. Bg2 Nf6 19. Bg5 (19. e7 Bxe7 20. Kc2 (20. Qxe7 $2 Qxg2 21. Qc5+ Kb8 $19) 20... Nfxd5 $11) 19... Bb4 20. Bxf6 gxf6 21. Kc2 Bxc3 22. bxc3 Kb8 23. Rhd1 Rc8 24. Rd3 Qd6 25. Qf3 Nc4 26. a4 (26. Qxf6 $2 Rhf8 27. Qh4 Qa3 28. Qg3+ Ka8 $19) 26... Qb6 (26... Na3+ $142 27. Kd1 Nc4) 27. Ra2 Ne5 28. Qg3 {[%emt 0:01:23][%cal Od5d6] Black must now prevent d6!} (28. Qxf6 $6 Nxd3 29. Kxd3 Qa6+ 30. Ke3 (30. Kd2 Qd6 $16) 30... Qd6 $16) 28... Ka8 $2 {[%emt 0:00:06] [#]} (28... Qd6 29. Kb1 Rc4) 29. d6 $1 {[%emt 0:03:29] Rb2 is the strong threat.} Nxd3 30. Qxd3 Qf2+ 31. Kb3 Qe1 {[%emt 0:00:47] [#]} 32. Bd5 (32. Bxb7+ $142 $1 Kxb7 33. Qb5+ (33. e7 Rc6 $11) 33... Ka8 34. Qd5+ Kb8 35. Rb2 Qxc3+ 36. Ka2+ Qxb2+ 37. Kxb2) 32... Rxc3+ 33. Qxc3 Qd1+ 34. Rc2 $1 {[%emt 0:01:04] Qd2 would kill now.} Qxd5+ {[%emt 0:00:07][%mdl 4096] Endgame KQR-KQR} 35. Qc4 (35. Kb2 Qxe6 36. Qc7 Qe5+ 37. Rc3 a6 $14) 35... Qxd6 {[%emt 0:00:02] [#]} 36. e7 $2 (36. Qc8+ $1 $18 Qb8 37. Qxb8+ Kxb8 38. Rf2) 36... Qd7 (36... Kb8 $11) 37. Qc7 ({White should play} 37. a5 $16) 37... Qxc7 $1 $11 38. Rxc7 {[%emt 0:00:02] White wants to mate with Rd7. KR-KR} Kb8 39. e8=Q+ (39. Rd7 {with more complications.} Kc8 40. Rd6 Re8 41. Rxf6 Kd7 42. Kc4) 39... Rxe8 40. Rxh7 Re3+ 41. Kb2 Re2+ 42. Kc3 Re3+ 43. Kd2 Rf3 (43... Ra3 $11) 44. h4 (44. a5 $1 $16) 44... Rf4 45. Rg7 {[%emt 0:00:22] And now h5 would win.} Rxa4 46. h5 a5 $1 47. Rg6 Ka7 48. h6 b6 49. Kc3 ({Of course not} 49. Rxf6 Rxg4 50. Ke3 (50. Rf7+ Ka6 $17) 50... Rh4 $17) 49... Rf4 50. h7 Rf3+ 51. Kd4 Rh3 52. Rg7+ Ka6 53. Kd5 a4 {[%emt 0:01:10] Threatens to win with ...a3.} 54. Kc6 $2 {[%emt 0:00:48][%mdl 8192] [#]} (54. Re7 $11) 54... a3 $2 (54... Rh6 $1 $19 {aiming for ...a3.} 55. Rd7 f5+ 56. Rd6 Rxh7 57. gxf5 b5) 55. Rb7 $2 (55. Re7 $15 Rh6 56. Re3 f5+ 57. Kd5) 55... a2 {[%emt 0:01:24] Black mates.} 56. Rxb6+ {[%emt 0:00:01] [#]} Ka7 $1 57. Rb7+ Ka8 58. Rb3 Rxh7 59. Ra3+ Ra7 60. Rd3 Ra6+ {[%emt 0:00:27] Quite a comeback for Black.  Weighted Error Value: White=0.54/Black=0.27 (precise)} 0-1

[Event "SUI-ch Bundesturnier TP-1 2022"]
[Site "Payerne"]
[Date "2022.05.28"]
[Round "5.10"]
[White "Borner, Daniel"]
[Black "Rohrer, Christophe"]
[Result "1/2-1/2"]
[ECO "C74"]
[WhiteElo "2063"]
[BlackElo "2285"]
[Annotator "TA"]
[PlyCount "124"]
[EventDate "2022.05.26"]
[EventType "swiss"]
[EventCountry "SUI"]
[SourceTitle "playchess.com"]
[Source "ChessBase"]
[SourceQuality "1"]
[TimeControl "5400+30"]

1. e4 e5 2. Nf3 Nc6 3. Bb5 a6 4. Ba4 d6 5. c3 Bg4 6. h3 {[%emt 0:00:36] C74: Ruy Lopez: Deferred Steinitz: 5 c3 f5.} Bh5 7. d3 Nf6 8. Nbd2 {[%emt 0:01:06][%cal Bb1d2,Bd2f1,Bf1e3,Be3d5][%mdl 32] White is slightly better.} Nd7 9. Nf1 Nc5 10. Bc2 {[%emt 0:00:22] [#]} Bg6 $146 (10... d5) ({Predecessor:} 10... d5 11. Ng3 Bg6 12. Qe2 d4 13. O-O Be7 14. cxd4 Nxd4 15. Nxd4 Qxd4 16. Be3 Qd7 {1-0 (44) Panov,V-Estrin,Y Moscow 1949}) 11. Ne3 Be7 12. O-O (12. d4 Nd7 13. O-O) 12... O-O 13. Qe2 Ne6 14. Nd5 Kh8 15. Be3 f5 16. exf5 Bxf5 17. Rad1 Qe8 18. d4 Qh5 {[%emt 0:14:49] [#] White must now prevent ...e4.} 19. Bxf5 Qxf5 20. dxe5 dxe5 21. Nd2 Rad8 22. Nxe7 Nxe7 23. Qg4 Rd3 24. Ne4 Rfd8 {[%emt 0:01:08] [#] aiming for ...Qxg4.} 25. Rxd3 Rxd3 26. Qxf5 Nxf5 27. Bc1 Nd6 28. Nxd6 cxd6 $11 {[%emt 0:00:09][%mdl 4096] Endgame KRB-KRN} 29. Re1 g5 30. g3 (30. Kf1 $5 ) 30... Kg7 31. Kf1 Kf6 32. Ke2 Rd5 33. Rd1 Rxd1 34. Kxd1 {[%emt 0:00:02] KB-KN} d5 35. Ke2 e4 36. Be3 Ke5 37. Ba7 h5 38. Ke3 Kf5 39. Bb6 Ke5 40. Ba7 Nd8 41. Bb6 Nc6 42. a4 Kd6 43. b4 Ne5 {[%emt 0:01:12] And now ...Nc4+ would win.} 44. Bd8 Nf7 {[%emt 0:00:27] The position is equal.} 45. Bb6 Nh6 46. Ke2 g4 47. hxg4 Nxg4 48. Kf1 Ke6 49. Kg2 Ne5 50. Kh3 Kf5 51. Kh4 Kg6 52. Kh3 Kg5 53. Bd8+ Kf5 54. Bb6 Nf3 55. Bc5 b5 56. axb5 axb5 57. Be3 Ne5 58. Kh4 Kg6 59. Kh3 Kf5 60. Kh4 Kg6 61. Kh3 Kf5 62. Kh4 Kg6 {[%emt 0:00:05] Weighted Error Value: White=0.06 (flawless) /Black=0.05 (flawless)} 1/2-1/2

[Event "SUI-ch Bundesturnier TP-1 2022"]
[Site "Payerne"]
[Date "2022.05.28"]
[Round "6.1"]
[White "Collin, Moritz Valentin"]
[Black "Bauer, Christian"]
[Result "0-1"]
[ECO "B00"]
[WhiteElo "2052"]
[BlackElo "2596"]
[Annotator "TA"]
[PlyCount "42"]
[EventDate "2022.05.26"]
[EventType "swiss"]
[EventCountry "SUI"]
[SourceTitle "playchess.com"]
[Source "ChessBase"]
[SourceQuality "1"]
[TimeControl "5400+30"]

1. d4 a6 2. c4 b5 3. e4 Bb7 4. d5 e6 5. cxb5 {[%emt 0:01:41] [#]} Nf6 $146 ({Predecessor:} 5... Qh4 6. dxe6 Qxe4+ 7. Qe2 fxe6 8. Qxe4 Bxe4 9. Nc3 Bb4 10. Bd2 Bb7 11. a3 Bc5 {½-½ (67) Weimer,E (2117)-Schmedders,H (2205) Germany 2009}) 6. Nc3 {[%emt 0:00:41] B00: Queen's Fianchetto Defence, Nimzowitsch Defence.} Bb4 7. Bg5 (7. Bd3 $11) 7... h6 $15 8. Bxf6 {[%emt 0:03:57] Black is slightly better.} Qxf6 9. Nge2 {[%emt 0:01:46] [#]} ({Better is} 9. Qb3 $15 Bxc3+ 10. Qxc3) 9... exd5 {[%emt 0:07:09] Black is more active.} (9... Bc5 $1 $17 10. f4 exd5 11. exd5 Qb6) 10. exd5 O-O {[%emt 0:05:36] ...Re8 is the strong threat.} 11. Qd4 (11. a3 $1 $11 Ba5 12. Qd4) 11... Qe7 ({Black should play} 11... Qxd4 $17 12. Nxd4 Bxd5) 12. Rd1 (12. b6 $15 Bc5 13. Qg4 Bxb6 14. O-O-O) 12... Re8 {[%emt 0:07:09] Strongly threatening ...axb5.} 13. Rd2 $2 {[%emt 0:04:22] Loses the game.} (13. b6 $17 c5 14. Qe3) 13... axb5 $19 {[%emt 0:01:05][%cal Ba6b5,Bb5b4][%mdl 32] Threatens to win with ...Bc5.} 14. g3 Bc5 15. Qf4 b4 16. Nd1 Rxa2 {[%emt 0:02:49] [#] And now ...b3 would win.} 17. Bg2 Ba6 {[%emt 0:01:04][%cal Re7e2] ( -> ...Qxe2+). This bishop pair is nice.} 18. Bf3 (18. O-O {only move.}) 18... d6 {[%emt 0:01:49] White must now prevent ...Nd7. Black is clearly winning.} 19. O-O Nd7 20. Nc1 Bxf1 21. Nxa2 Qe1 {[%emt 0:01:13] Weighted Error Value: White=1.14/Black=0.15 (very precise)} 0-1

[Event "SUI-ch Bundesturnier TP-1 2022"]
[Site "Payerne"]
[Date "2022.05.28"]
[Round "6.2"]
[White "Colmenares, Aurelio"]
[Black "Laurent-Paoli, Pierre"]
[Result "1-0"]
[ECO "C12"]
[WhiteElo "2318"]
[BlackElo "2486"]
[Annotator "TA"]
[PlyCount "119"]
[EventDate "2022.05.26"]
[EventType "swiss"]
[EventCountry "SUI"]
[SourceTitle "playchess.com"]
[Source "ChessBase"]
[SourceQuality "1"]
[TimeControl "5400+30"]

1. e4 e6 2. d4 d5 3. Nc3 Nf6 4. Bg5 h6 5. Bxf6 Qxf6 6. exd5 Bb4 {[%emt 0:00:05] C12: French: Classical System: McCutcheon Variation.} 7. Bb5+ Bd7 8. Bxd7+ Nxd7 {[%emt 0:00:05] White has an edge.} 9. dxe6 Qxe6+ 10. Qe2 Bxc3+ 11. bxc3 Qxe2+ $1 12. Nxe2 O-O-O 13. O-O-O Nb6 14. Rhe1 Rd6 15. Nf4 Rhd8 16. Re5 Na4 {[%emt 0:13:49] [#]} 17. Ne2 $146 ({Predecessor:} 17. Rd3 Rf6 18. Nh3 Rc6 19. Ree3 Nb6 20. Re7 g5 21. Rxf7 Nc4 22. Rf5 Re8 23. Rc5 Rxc5 24. dxc5 {½-½ (58) Sanal,V (2556)-Cheng,B (2552) Krasnaya Polyana 2021}) 17... Rf6 18. f4 Nb6 19. Re1 Nc4 20. Rc5 Ne3 21. g3 b6 22. Re5 Ng4 {[%emt 0:01:12][%mdl 1024] Black has compensation.} (22... Nc4 $5 ) 23. Re7 h5 (23... Nxh2 $11 24. Kb2 Nf3) 24. h3 $14 Nh6 25. Re5 g6 26. Kd2 Nf5 (26... Rc6 {feels hotter.} 27. Kd3 Nf5 28. g4 hxg4 29. hxg4 Nd6) 27. Kd3 $36 {[%emt 0:00:30][%mdl 2048] White has some pressure.} Nd6 (27... Rc6 $11 {keeps the balance.}) 28. a4 (28. c4 $16) 28... Nb7 $11 29. c4 (29. Ra1 $5 ) 29... Nc5+ (29... Rc6 $11) 30. Kc3 $1 $16 Ne6 31. Kd3 ({White should try} 31. a5 $16) 31... Nc5+ $14 32. Kc3 (32. Ke3 $14 Nxa4 33. d5) 32... Ne6 $1 $16 33. h4 Ng7 34. a5 (34. d5 $18) 34... Kb7 (34... Rfd6 $16 {might work better.} 35. d5 c6) 35. axb6 axb6 36. Ra1 (36. d5 $1 $18) 36... Nf5 {[%emt 0:00:25] Inhibits Nd4.} 37. d5 $1 Rfd6 (37... Ra8 $16 38. Rxa8 Kxa8 39. Re8+ Kb7) 38. Nd4 $1 $18 Nxg3 (38... Nxd4 $142 39. Kxd4 R8d7) 39. Re7 R8d7 40. Rxd7 Rxd7 {[%emt 0:00:40][%mdl 4096] Endgame KRN-KRN} 41. Nc6 Nf5 42. Ra7+ Kc8 43. Kb4 {[%emt 0:01:49] Hoping for Kb5.} Rd6 44. Ra8+ Kb7 45. Rb8+ Ka6 46. c3 Nxh4 (46... f6 $142 47. Rg8 Ne3 48. Rxg6 Nc2+ 49. Kb3 Ne3) 47. Ra8+ Kb7 48. Ra7+ Kc8 {[%emt 0:00:03] [#] This costs Black the game.} 49. Kb5 $1 {[%emt 0:00:14] White is clearly winning.} Kd7 50. Ra8 Rxc6 51. dxc6+ {[%emt 0:00:02] KR-KN} Ke6 52. Rc8 Kd6 53. Rd8+ Ke6 54. Rd7 Nf5 55. Rxc7 h4 56. Rd7 Nd6+ 57. Kxb6 h3 {[%emt 0:01:00] [#]} 58. Rd8 (58. Rxd6+ $142 $1 Kxd6 59. c7) 58... Nxc4+ 59. Kc5 {[%emt 0:00:12] Intending c7 and mate.} Na5 60. c7 {[%emt 0:01:03] Weighted Error Value: White=0.19 (very precise) /Black=0.29 (precise)} 1-0

[Event "SUI-ch Bundesturnier TP-1 2022"]
[Site "Payerne"]
[Date "2022.05.28"]
[Round "6.3"]
[White "Willems, Niels"]
[Black "Kamber, Bruno"]
[Result "1/2-1/2"]
[ECO "A28"]
[WhiteElo "2338"]
[BlackElo "2225"]
[Annotator "TA"]
[PlyCount "45"]
[EventDate "2022.05.26"]
[EventType "swiss"]
[EventCountry "SUI"]
[SourceTitle "playchess.com"]
[Source "ChessBase"]
[SourceQuality "1"]
[TimeControl "5400+30"]

1. c4 e5 2. Nc3 Bb4 3. Qc2 Nf6 4. Nf3 Nc6 5. e3 Bxc3 6. Qxc3 Qe7 7. a3 {[%emt 0:00:58] 7.d4 is more fashionable.} d5 {[%emt 0:00:59] A28: English Opening: Four Knights Variation.} 8. Be2 O-O 9. d4 exd4 10. Nxd4 Nxd4 11. Qxd4 c5 {[%emt 0:00:15] [#]} 12. Qh4 $146 ({Predecessor:} 12. Qf4 dxc4 13. Bxc4 Be6 14. O-O Bxc4 15. Qxc4 Rfd8 16. f3 a6 17. a4 b5 18. Qa2 {½-½ (45) Anistratov,D (2240)-Lohr,M (2108) Wuerttemberg 2020}) 12... dxc4 13. Bxc4 Rd8 {[%emt 0:01:05] [#] aiming for ...Rd4.} 14. O-O Be6 15. b3 Bxc4 16. Qxc4 Rac8 17. Bb2 {[%emt 0:00:54] The position is equal.} Ne4 {[%emt 0:00:55] With the idea ...Rd2.} 18. f3 Rd2 {[%emt 0:06:28][%cal Oe7g5] [#] ( -> ...Qg5!)} 19. fxe4 Rxb2 20. Qc3 $1 Re2 21. Qd3 Rb2 {[%emt 0:00:10] ...Rd8 is the strong threat.} 22. Qc3 $1 Re2 23. Qd3 {[%emt 0:00:02] Weighted Error Value: White=0.08 (flawless) /Black=0.07 (flawless)} 1/2-1/2

[Event "SUI-ch Bundesturnier TP-1 2022"]
[Site "Payerne"]
[Date "2022.05.28"]
[Round "6.4"]
[White "Schlegel, Igor"]
[Black "Sutter, Oliver"]
[Result "0-1"]
[ECO "B13"]
[WhiteElo "2183"]
[BlackElo "2316"]
[Annotator "TA"]
[PlyCount "42"]
[EventDate "2022.05.26"]
[EventType "swiss"]
[EventCountry "SUI"]
[SourceTitle "playchess.com"]
[Source "ChessBase"]
[SourceQuality "1"]
[TimeControl "5400+30"]

1. e4 c6 2. d4 d5 3. exd5 cxd5 4. Nf3 Nc6 5. Bb5 Nf6 6. Ne5 {[%emt 0:00:11] B13: Caro-Kann: Exchange Variation and Panov-Botvinnik Attack.} Bd7 7. Nxd7 Qxd7 8. c3 {[%emt 0:00:10] The position is equal.} e6 9. O-O Bd6 10. Nd2 Qc7 11. Nf3 O-O 12. Bd3 {[%emt 0:03:41] [#]} e5 $146 ({Predecessor:} 12... Bf4 13. Bxf4 Qxf4 14. Qd2 Qxd2 15. Nxd2 Ne8 16. Rae1 Nd6 17. Nf3 Rfc8 18. Ne5 g6 {0-1 (53) Hernandez,E (2279)-Velten,P (2515) San Sebastian 2019}) 13. dxe5 Nxe5 14. h3 Nxd3 15. Qxd3 Qc4 16. Rd1 {[%emt 0:02:40] [#] Qxc4 is the strong threat.} Bc5 17. Bg5 {[%emt 0:22:18] And now Bxf6 would win.} Ne4 18. Be3 Bxe3 19. Qxe3 Rfe8 20. Qd3 Nf6 21. Nd4 $2 {[%emt 0:01:28][%mdl 8192] [#]} (21. Qxc4 $14 {keeps the upper hand.} dxc4 22. Rd4) 21... Re1+ $3 {[%emt 0:00:57][%mdl 512] Weighted Error Value: White=0.54/Black=0.04 (flawless)} 0-1

[Event "SUI-ch Bundesturnier TP-1 2022"]
[Site "Payerne"]
[Date "2022.05.28"]
[Round "6.5"]
[White "Pahud, Cedric"]
[Black "Joie, Sebastien"]
[Result "0-1"]
[ECO "B13"]
[WhiteElo "2211"]
[BlackElo "2376"]
[Annotator "TA"]
[PlyCount "60"]
[EventDate "2022.05.26"]
[EventType "swiss"]
[EventCountry "SUI"]
[SourceTitle "playchess.com"]
[Source "ChessBase"]
[SourceQuality "1"]
[TimeControl "5400+30"]

1. e4 c6 2. d4 d5 3. exd5 cxd5 4. Bd3 Nc6 5. c3 Nf6 6. Bf4 Bg4 7. Qb3 Qd7 8. Nd2 e6 9. Ngf3 Bxf3 10. Nxf3 Bd6 11. Bg3 O-O 12. O-O Rab8 {[%emt 0:08:35] B13: Caro-Kann: Exchange Variation and Panov-Botvinnik Attack.} 13. Rae1 Nh5 14. Bxd6 Qxd6 {[%emt 0:00:13] [#] White is slightly better.} 15. Ne5 $146 ({Predecessor:} 15. Qd1 g6 16. Ne5 Nxe5 17. Rxe5 Nf6 18. Qe2 b5 19. a3 Rb6 20. Re3 Rfb8 21. g3 {0-1 (35) Panagiotakopoulos,G (2210)-Theodoulidis,T (2090) Achaia 2013}) 15... f6 (15... Nf4 {seems wilder.} 16. Bb1 Nxe5 17. dxe5 Qc5) 16. Nxc6 bxc6 17. Qc2 g6 18. b4 Nf4 19. g3 Nxd3 20. Qxd3 e5 21. dxe5 fxe5 22. Qe3 d4 23. Qxe5 Qxe5 24. Rxe5 dxc3 $11 {[%emt 0:00:11][%mdl 4096] Endgame KRR-KRR} 25. a3 Rb5 $1 26. Rfe1 Rd5 ({Don't take} 26... Rxe5 27. Rxe5 Rf3 28. Rc5 $16) 27. R5e2 Rf3 28. Rc2 Kf7 29. Re3 $2 {[%emt 0:01:03][%mdl 8192] [#]} (29. Kg2 $14 Rd2 30. Re2 Rxe2 31. Rxe2) 29... Rd1+ $19 30. Kg2 Rxe3 {[%emt 0:03:18] Weighted Error Value: White=0.76/Black=0.11 (very precise)} 0-1

[Event "SUI-ch Bundesturnier TP-1 2022"]
[Site "Payerne"]
[Date "2022.05.28"]
[Round "6.6"]
[White "Stijve, Theo"]
[Black "Bosson, Jean-Yves"]
[Result "1-0"]
[ECO "A14"]
[WhiteElo "2341"]
[BlackElo "1823"]
[Annotator "TA"]
[PlyCount "57"]
[EventDate "2022.05.26"]
[EventType "swiss"]
[EventCountry "SUI"]
[SourceTitle "playchess.com"]
[Source "ChessBase"]
[SourceQuality "1"]
[TimeControl "5400+30"]

1. Nf3 Nf6 2. c4 e6 3. g3 d5 4. Bg2 Be7 5. O-O O-O 6. b3 c5 7. Bb2 d4 8. e3 Nc6 9. exd4 cxd4 10. Re1 Re8 11. d3 Bb4 {[%emt 0:00:37] A14: English Opening: 1...e6 with b3 by White.} 12. Nbd2 {[%emt 0:01:42] [#]} Bc3 $146 {[%emt 0:12:48] [#]} (12... a5 $11) ({Predecessor:} 12... e5 13. a3 Bc3 14. Ra2 a5 15. Bxc3 dxc3 16. Nb1 e4 17. dxe4 Qxd1 18. Rxd1 Nxe4 19. Rc1 {½-½ (46) Sidorika,V (2331)-Eljanov,P (2672) Chess.com INT 2021}) 13. Bxc3 $1 $16 dxc3 {[%emt 0:00:40] White is better.} 14. Nb1 ({Of course not} 14. Ne4 Nxe4 15. Rxe4 e5 $11) 14... Nb4 (14... Qa5 $142) 15. Nxc3 Nxd3 16. Re2 {[%emt 0:01:39] aiming for Rd2.} Nb4 17. Rd2 Qe7 (17... Qa5 $16 18. Nb5 a6) 18. Ne5 $18 Rb8 19. a3 Na6 20. b4 {[%emt 0:02:57] Inhibits Nc5.} h5 21. Nb5 Ra8 $2 (21... g6 22. Nxa7 Rf8) 22. Nd6 Rf8 23. Ndxf7 Nc7 {[%emt 0:12:11] [#]} 24. Nh8 $1 Nce8 (24... Ng4 25. Neg6) 25. Nhg6 Qc7 26. Rd8 Rb8 27. Bh3 Rf7 28. Rxe8+ Nxe8 29. Qxh5 {[%emt 0:00:11] White took control after the opening.  Weighted Error Value: White=0.01 (flawless) /Black=1.04} 1-0

[Event "SUI-ch Bundesturnier TP-1 2022"]
[Site "Payerne"]
[Date "2022.05.28"]
[Round "6.7"]
[White "Kostov, Deyan Samuil"]
[Black "Loeffler, Markus"]
[Result "1/2-1/2"]
[ECO "D91"]
[WhiteElo "2177"]
[BlackElo "2272"]
[Annotator "TA"]
[PlyCount "128"]
[EventDate "2022.05.26"]
[EventType "swiss"]
[EventCountry "SUI"]
[SourceTitle "playchess.com"]
[Source "ChessBase"]
[SourceQuality "1"]
[TimeControl "5400+30"]

1. d4 Nf6 2. c4 g6 3. Nc3 d5 4. Nf3 Bg7 5. Bg5 Ne4 6. Bf4 Nxc3 7. bxc3 dxc4 8. e3 Be6 {[%emt 0:02:13][%cal Oc7c5] 8...b5 is not played anymore.} 9. Ng5 {[%emt 0:11:37] D91: Grünfeld: 4 Nf3 Bg7 5 Bg5.} ({Better is} 9. Qb1 $11) 9... Bd5 $1 $15 10. e4 h6 $1 11. exd5 {[%emt 0:00:48][%cal Og5f7] Black is slightly better.} hxg5 12. Be5 {[%emt 0:00:25] [#]} Bxe5 $146 ({Predecessor:} 12... f6 13. Bg3 Qxd5 14. Bxc7 Nc6 15. Qb1 Rc8 16. Qxg6+ Kf8 17. Bg3 Qa5 18. Rc1 Nxd4 {0-1 (41) Aderito,P (2195)-Vydeslaver,A (2445) Halle 1995}) 13. dxe5 c6 (13... Nd7 $17 14. e6 Ne5 15. exf7+ Kxf7) 14. Bxc4 $11 Rh4 15. Qe2 (15. Bb3 $1 $11) 15... cxd5 $17 16. Bd3 {[%emt 0:01:19] Inhibits Re4.} Nc6 17. g3 Ra4 (17... Rh6 $17 {White must now prevent ...Qc7.} 18. e6 f6 19. Bxg6+ Kf8) 18. e6 $1 $15 Qd6 $1 19. exf7+ Kxf7 20. O-O Kg7 21. Rfe1 e5 (21... Rd8 $15) 22. Rad1 Qf6 23. Bc2 (23. Qb2 $1 $11 Ne7 24. Qxb7 (24. Bc2 Ra5 $11) 24... Rxa2 25. Re2 Rxe2 26. Bxe2) 23... Ra5 $1 $17 24. Bb3 Rd8 25. Rd2 e4 (25... Rc5 $142 26. Kh1 e4) 26. Red1 Qf5 {[%emt 0:01:26] Strongly threatening ...Ne5.} (26... Qxc3 27. Bxd5 Ra4 28. Bxe4 Rxd2 29. Rxd2 Rxe4 30. Rd7+ Re7 31. Rxe7+ Nxe7 32. Qxe7+ Kh6 33. Qf8+ (33. Qxb7 Qa1+ 34. Kg2 Qxa2 $11) 33... Kh7 34. Qf7+ Qg7 35. Qe6 $11) 27. Qe3 $2 (27. g4 $17 Qf7 28. Kf1) 27... Ne5 $1 $19 28. Qd4 Kh6 {[%emt 0:00:37] Threatens to win with ...Nf3+.} 29. Qb4 $2 {[%emt 0:00:46] [#]} (29. Kg2) 29... b6 (29... Qh3 $142 $1 30. f4 Nf3+ 31. Kh1 Nxd2 32. fxg5+ Kh5 33. Qxa5 Nf1 $1 34. g4+ Kxg4) 30. Rxd5 (30. Qe7 $142 Nf3+ 31. Kf1 Nxd2+ 32. Rxd2) 30... Raxd5 31. Rxd5 Rxd5 32. Bxd5 {[%emt 0:00:06][%mdl 4096] Endgame KQB-KQN} Nf3+ 33. Kg2 Qxd5 (33... Nd2 $142 {( -> ...Qf3+)} 34. Bc4 (34. Qd4 $2 Qf3+ 35. Kh3 g4+ 36. Kh4 g5#) 34... Qf3+ 35. Kg1 e3 36. fxe3 a5 37. Qxb6 Nxc4) 34. Qf8+ Kh7 35. Qe7+ Kg8 $1 36. Qe8+ Kg7 $1 37. Qe7+ Qf7 $1 38. Qxe4 g4 39. Qxg4 Ne5 40. Qd4 Qf6 41. f4 {[%emt 0:00:38] [#]} Nf7 42. Qc4 Qd6 43. a4 $2 (43. Qd4+ {was called for.} Kh6 44. Qc4 Qd2+ 45. Kg1) 43... Nh6 ({Avoid the trap} 43... Qd2+ $2 44. Kh3 $19) 44. Qe4 Qd2+ 45. Kh3 Qd7+ 46. Kg2 Nf5 47. Qe5+ Kh7 48. a5 (48. Qe4 $142) 48... bxa5 {[%emt 0:01:09] And now ...a4 would win.} 49. Qxa5 Qd5+ 50. Qxd5 $17 {[%emt 0:00:05] Threatening mate with Qf7+.} Ne3+ 51. Kf3 {[%emt 0:00:02] Intending Qf7+ and mate.} Nxd5 {[%emt 0:00:06] KN-KP} 52. c4 {[%emt 0:00:09] [#]} Nb4 (52... Nf6 $1 $17 53. Ke3 (53. c5 Kg7 $17) 53... a5) 53. Ke3 $11 Kg7 54. Kd4 Kf7 55. Kc5 $2 (55. c5 $11 {and White stays safe.}) 55... Nd3+ $2 (55... Nc2 $19 56. g4 Ne3) 56. Kb5 $1 {[%emt 0:00:33] The position is equal.} Ke6 57. Ka6 Kd6 {[%emt 0:00:24] Hoping for ...Kc5.} 58. Kxa7 Kc5 59. Kb7 Kxc4 {[%emt 0:00:03] aiming for ...Kd5.} 60. Kc6 Kd4 61. Kd6 Ke4 62. Ke6 Nxf4+ 63. gxf4 Kxf4 64. Kf6 g5 {[%emt 0:00:32] Whites escaped into a draw.  Weighted Error Value: White=0.54/Black=0.43} 1/2-1/2